Influenza vs Wiprows
Created - 22 novembre 2015 at 19:49
Goals
|
| Influenza |
0 |
3 |
0 |
3 |
| Wiprows |
1 |
0 |
1 |
2 |
|
Shots
|
| Influenza |
17 |
15 |
3 |
35 |
| Wiprows |
16 |
8 |
7 |
31 |
|
1st period
1. Wiprows , Tim Conboy 2 (Nick Bonino, Matt Beleskey) at 10:55
Penalties :
Andreas Engqvist (VJB) for Cross-checking (Minor) at 2:43
2nd period
2. Influenza , T.J Galiardi 10 (Corey Tropp, Alex Stalock) at 5:12
3. Influenza , John Klingberg 7 (Zac Dalpe, Mathieu Carle) at 8:01
4. Influenza , Jamie Benn 6 (Brian Salcido, Oskars Bartulis) at 13:20
Penalties :
Ben Smith (VJB) for Holding (Minor) at 2:42, Ben Smith (VJB) for Roughing (Minor) at 8:35, Corey Tropp (VJB) for Hooking (Minor) at 10:44, Matt Donovan (Win) for Tripping (Minor) at 18:33
3rd period
5. Wiprows , T.J. Oshie 14 (Kristian Huselius, Éric Belanger) at 6:12 (PP)
Penalties :
Andreas Engqvist (VJB) for Roughing (Minor) at 4:22, Martins Karsums (VJB) for Hooking (Minor) at 4:50, Matt Corrente (VJB) for Tripping (Minor) at 17:09
Goalie Stats
Alex Stalock (VJB), 29 saves from 31 shots - (0,935), W, 14-2-1, 60:00 minutes
Anders Lindback (Win), 32 saves from 35 shots - (0,914), L, 7-8-1, 59:25 minutes
Players Stats for Influenza
Player Name G A P +/- PIM S H SB GA TA FO MP PP MP PK MP
------------------------------------------------------------------------------------
Andreas Engqvist 0 0 0 0 4 1 0 0 0 1 3/3 5:50 0:00 0:00
Ben Smith 0 0 0 3 4 4 2 0 0 1 0/0 15:21 0:49 2:00
Brian Salcido 0 1 1 1 0 1 0 0 0 0 0/0 9:48 0:00 0:48
Carl Gunnarsson 0 0 0 -1 0 2 0 2 0 1 0/0 20:11 1:08 4:58
Charlie Coyle 0 0 0 0 0 0 0 0 0 0 0/0 0:00 0:00 0:00
Colin McDonald 0 0 0 0 0 0 0 0 0 0 0/0 6:10 0:19 0:00
Corey Tropp 0 1 1 -1 2 2 0 0 0 0 1/1 10:07 0:00 0:00
Evgeny Grachev 0 0 0 -1 0 3 2 0 1 0 1/2 10:41 0:19 0:00
Jacob Josefson 0 0 0 0 0 0 0 0 0 0 0/0 1:25 0:00 1:12
Jamie Benn 1 0 1 3 0 4 1 1 0 0 0/1 16:26 0:49 1:44
Jeff May 0 0 0 1 0 1 0 0 0 0 0/0 4:02 0:00 0:04
Jimmy Bonneau 0 0 0 0 0 0 1 0 0 0 0/0 0:46 0:19 0:00
John Klingberg 1 0 1 1 0 1 2 1 0 0 0/0 26:56 0:51 7:24
Jordan Schroeder 0 0 0 0 0 0 0 0 0 0 0/0 0:00 0:00 0:00
Martins Karsums 0 0 0 0 2 5 3 0 1 0 3/7 23:28 0:51 5:30
Mathieu Carle 0 1 1 1 0 2 1 2 1 0 0/0 26:06 0:51 7:22
Matt Corrente 0 0 0 -1 2 3 1 2 1 2 0/0 19:20 1:08 4:08
Oskars Bartulis 0 1 1 1 0 0 0 0 0 0 0/0 9:46 0:00 0:00
Robbie Earl 0 0 0 0 0 1 5 0 1 0 0/0 24:02 0:51 6:05
Ryan Carter 0 0 0 0 0 1 1 0 0 1 8/26 21:23 0:51 3:29
Ryan Russell 0 0 0 0 0 0 0 0 0 0 3/4 11:47 0:00 3:21
T.J Brodie 0 0 0 0 0 0 0 0 0 0 0/0 0:00 0:00 0:00
T.J Galiardi 1 0 1 -1 0 2 0 1 0 0 0/0 5:22 0:00 0:00
Tim Erixon 0 0 0 1 0 0 0 0 0 0 0/0 3:54 0:00 0:00
Zac Dalpe 0 1 1 3 0 2 2 2 0 0 4/12 13:18 0:49 0:00
Players Stats for Wiprows
Player Name G A P +/- PIM S H SB GA TA FO MP PP MP PK MP
------------------------------------------------------------------------------------
Arturs Kulda 0 0 0 -1 0 2 2 0 0 1 0/0 27:06 7:27 1:05
Austin Madaisky 0 0 0 0 0 0 0 0 0 0 0/0 0:00 0:00 0:00
Brandon Bollig 0 0 0 0 0 1 1 1 0 0 1/1 18:46 5:22 0:00
Cade Fairchild 0 0 0 -1 0 0 0 0 0 0 0/0 4:03 0:00 0:13
Drayson Bowman 0 0 0 0 0 1 0 0 0 0 0/0 11:22 0:14 0:00
Éric Belanger 0 1 1 0 0 3 7 0 0 0 18/33 22:39 6:46 1:27
Gord Baldwin 0 0 0 -1 0 1 0 2 0 0 0/0 19:32 4:55 0:54
Jonathan Tremblay 0 0 0 0 0 0 4 1 1 1 0/0 11:22 0:14 0:00
Jordan Szwarz 0 0 0 0 0 0 0 0 0 0 0/0 0:20 0:14 0:00
Justin Shugg 0 0 0 0 0 0 0 0 0 0 0/0 0:00 0:00 0:00
Kevin Connauton 0 0 0 1 0 0 0 0 0 0 0/0 9:32 0:00 0:00
Kris Foucault 0 0 0 0 0 0 0 0 0 0 0/0 0:19 0:00 0:19
Kristian Huselius 0 1 1 0 0 4 1 0 3 0 0/2 20:58 6:46 0:00
Linden Vey 0 0 0 -2 0 0 1 0 0 0 0/0 6:41 0:00 0:00
Matt Bartkowski 0 0 0 -1 0 0 1 1 0 0 0/0 3:50 0:00 0:00
Matt Beleskey 0 1 1 -2 0 1 0 0 0 0 0/0 8:03 0:00 0:32
Matt Donovan 0 0 0 -1 2 0 0 0 1 0 0/0 18:51 4:55 0:00
Michael Chaput 0 0 0 -2 0 0 0 0 0 0 2/3 6:54 0:00 0:13
Nick Bonino 0 1 1 0 0 9 1 1 1 0 8/10 18:46 5:22 0:00
Oliver Lauridsen 0 0 0 1 0 0 0 0 0 0 0/0 10:13 0:00 0:41
T.J. Oshie 1 0 1 0 0 5 1 0 0 0 3/4 22:39 6:46 1:27
Thomas Hickey 0 0 0 -1 0 2 0 0 0 3 0/0 27:06 7:27 1:05
Tim Conboy 1 0 1 0 0 2 0 1 0 0 0/0 18:46 5:22 0:00
Tim Schaller 0 0 0 0 0 0 0 0 0 0 1/3 10:12 0:00 0:00
3 Stars
1 - Jamie Benn (VJB)
2 - Zac Dalpe (VJB)
3 - John Klingberg (VJB)
Power Play
Influenza - 0 on 1 Attempt(s) - 0,00%
Wiprows - 1 on 7 Attempt(s) - 14,29%
Penalty Kill
Influenza - 6 on 7 Attempt(s) - 85,71%
- Score 0 goal in Penalty Kill
Wiprows - 1 on 1 Attempt(s) - 100,00%
- Score 0 goal in Penalty Kill
Team Stat
Influenza - Hits : 21 - Faceoff Wins : 23 - Blocked Shots : 11 - Penalty Minutes : 14
Wiprows - Hits : 19 - Faceoff Wins : 33 - Blocked Shots : 7 - Penalty Minutes : 2
Official
Referees : StLaurent Francois and L'Ecuyer Frederick
Linesman : Don Henderson and Lonnie Cameron
Game Notes
T.J Galiardi is injured at 7:27 of 2nd period (Sore Left Knee)
14:14 of 2nd period - Influenza goal is going for a video replay. After video review, No Goal. The attacking player has interfered with a goalkeeper in his goal crease.
Finance
Level 1 -- Attendance: 1374 (68,70%) -- Ticket Income 41 220 $
Level 2 -- Attendance: 777 (77,70%) -- Ticket Income 11 655 $
Total Attendance: 2151 (71,70%)
Total Ticket Income: 52 875 $
Other Income: 2 644 $
Total Income: 55 519 $
Influenza
5 vs 5 Forward
Center Left Wing Right Wing Time % Phy DF OF
1 Ryan Carter Robbie Earl Martins Karsums 40 1 2 2
2 Zac Dalpe Jamie Benn Ben Smith 30 1 2 2
3 Evgeny Grachev T.J Galiardi Corey Tropp 20 1 2 2
4 Andreas Engqvist Ryan Russell Colin McDonald 10 1 2 2
5 vs 5 Defense
Defense Defense Time % Phy DF OF
1 Mathieu Carle John Klingberg 40 1 2 2
2 Matt Corrente Carl Gunnarsson 30 1 2 2
3 Oskars Bartulis Brian Salcido 20 1 2 2
4 Jeff May Tim Erixon 10 1 2 2
PowerPlay Forward
Center Left Wing Right Wing Time % Phy DF OF
1 Ryan Carter Robbie Earl Martins Karsums 60 1 2 2
2 Zac Dalpe Jamie Benn Ben Smith 40 1 2 2
PowerPlay Defense
Defense Defense Time % Phy DF OF
1 Mathieu Carle John Klingberg 60 1 2 2
2 Matt Corrente Carl Gunnarsson 40 1 2 2
Penalty Kill 4 Players Forward
Center Wing Time % Phy DF OF
1 Martins Karsums Robbie Earl 60 1 2 2
2 Ryan Carter Ben Smith 40 1 2 2
Penalty Kill 4 Players Defense
Defense Defense Time % Phy DF OF
1 Mathieu Carle John Klingberg 60 1 2 2
2 Matt Corrente Carl Gunnarsson 40 1 2 2
Penalty Kill - 3 Players Forward
Forward Time % Phy DF OF
1 Martins Karsums 60 1 2 2
2 Robbie Earl 40 1 2 2
Penalty Kill - 3 Players Defense
Defense Defense Time % Phy DF OF
1 Mathieu Carle John Klingberg 60 1 2 2
2 Matt Corrente Carl Gunnarsson 40 1 2 2
4 vs 4 Forward
Center Wing Time % Phy DF OF
1 Martins Karsums Robbie Earl 60 1 2 2
2 Ryan Carter Ben Smith 40 1 2 2
4 vs 4 Defense
Defense Defense Time % Phy DF OF
1 Mathieu Carle John Klingberg 60 1 2 2
2 Matt Corrente Carl Gunnarsson 40 1 2 2
Last Minutes Offensive
Center Left Wing Right Wing Defense Defense
Ryan Carter Robbie Earl Martins Karsums Mathieu Carle John Klingberg
Last Minutes Defensive
Center Left Wing Right Wing Defense Defense
Ryan Carter Robbie Earl Martins Karsums Mathieu Carle John Klingberg
Goaltenders
Starting : Alex Stalock
Backup : Thomas McCollum
Extra Forwards
Normal : T.J Galiardi, Evgeny Grachev, Ryan Russell - PP : T.J Galiardi, Evgeny Grachev - PK : Ryan Russell
Extra Defensemen
Normal : Oskars Bartulis, Brian Salcido, Jeff May - PP : Oskars Bartulis - PK : Brian Salcido, Jeff May
Penalty Shots
Martins Karsums, Robbie Earl, Ryan Carter, Ben Smith, Jamie Benn
Wiprows
5 vs 5 Forward
Center Left Wing Right Wing Time % Phy DF OF
1 Éric Belanger Kristian Huselius T.J. Oshie 40 1 2 2
2 Nick Bonino Brandon Bollig Tim Conboy 30 1 2 2
3 Tim Schaller Drayson Bowman Jonathan Tremblay 20 1 2 2
4 Michael Chaput Matt Beleskey Linden Vey 10 1 2 2
5 vs 5 Defense
Defense Defense Time % Phy DF OF
1 Arturs Kulda Thomas Hickey 40 1 2 2
2 Gord Baldwin Matt Donovan 30 1 2 2
3 Kevin Connauton Oliver Lauridsen 20 1 2 2
4 Cade Fairchild Matt Bartkowski 10 1 2 2
PowerPlay Forward
Center Left Wing Right Wing Time % Phy DF OF
1 Éric Belanger Kristian Huselius T.J. Oshie 60 1 2 2
2 Nick Bonino Brandon Bollig Tim Conboy 40 1 2 2
PowerPlay Defense
Defense Defense Time % Phy DF OF
1 Arturs Kulda Thomas Hickey 60 1 2 2
2 Gord Baldwin Matt Donovan 40 1 2 2
Penalty Kill 4 Players Forward
Center Wing Time % Phy DF OF
1 Éric Belanger T.J. Oshie 60 1 2 2
2 Kristian Huselius Tim Conboy 40 1 2 2
Penalty Kill 4 Players Defense
Defense Defense Time % Phy DF OF
1 Arturs Kulda Thomas Hickey 60 1 2 2
2 Gord Baldwin Matt Donovan 40 1 2 2
Penalty Kill - 3 Players Forward
Forward Time % Phy DF OF
1 Éric Belanger 60 1 2 2
2 T.J. Oshie 40 1 2 2
Penalty Kill - 3 Players Defense
Defense Defense Time % Phy DF OF
1 Arturs Kulda Thomas Hickey 60 1 2 2
2 Gord Baldwin Matt Donovan 40 1 2 2
4 vs 4 Forward
Center Wing Time % Phy DF OF
1 Éric Belanger T.J. Oshie 60 1 2 2
2 Kristian Huselius Tim Conboy 40 1 2 2
4 vs 4 Defense
Defense Defense Time % Phy DF OF
1 Arturs Kulda Thomas Hickey 60 1 2 2
2 Gord Baldwin Matt Donovan 40 1 2 2
Last Minutes Offensive
Center Left Wing Right Wing Defense Defense
Éric Belanger Kristian Huselius T.J. Oshie Arturs Kulda Thomas Hickey
Last Minutes Defensive
Center Left Wing Right Wing Defense Defense
Éric Belanger Kristian Huselius T.J. Oshie Arturs Kulda Thomas Hickey
Goaltenders
Starting : Anders Lindback
Backup : Calvin Pickard
Extra Forwards
Normal : Jonathan Tremblay, Drayson Bowman, Matt Beleskey - PP : Jonathan Tremblay, Drayson Bowman - PK : Matt Beleskey
Extra Defensemen
Normal : Kevin Connauton, Oliver Lauridsen, Cade Fairchild - PP : Kevin Connauton - PK : Oliver Lauridsen, Cade Fairchild
Penalty Shots
Éric Belanger, T.J. Oshie, Kristian Huselius, Tim Conboy, Jonathan Tremblay
% Time on Ice - Influenza
Lines # - Real PCT - Wanted PCT - Time Play
Normal Forward
1 - 37% - 40% - 16:27
2 - 28% - 30% - 12:33
3 - 22% - 20% - 10:01
4 - 13% - 10% - 5:51
Normal Defense
1 - 40% - 40% - 17:54
2 - 31% - 30% - 14:05
3 - 20% - 20% - 8:59
4 - 9% - 10% - 3:54
PP Forward
1 - 59% - 60% - 1:10
2 - 41% - 40% - 0:49
PP Defense
1 - 43% - 60% - 0:51
2 - 57% - 40% - 1:08
PK Forward
1 - 68% - 60% - 7:31
2 - 32% - 40% - 3:29
PK Defense
1 - 60% - 60% - 6:39
2 - 40% - 40% - 4:21
PK3 Forward
1 - 100% - 60% - 1:22
2 - 0% - 40% - 0:00
PK3 Defense
1 - 55% - 60% - 0:45
2 - 45% - 40% - 0:37
44 Forward
1 - 0% - 60%
2 - 0% - 40%
44 Defense
1 - 0% - 60%
2 - 0% - 40%
Last Minute Offensive - 0:00
Last Minute Defensive - 0:47
Total
Forward - 60:00
Defense - 60:00
|
% Time on Ice - Wiprows
Lines # - Real PCT - Wanted PCT - Time Play
Normal Forward
1 - 32% - 40% - 14:32
2 - 30% - 30% - 13:24
3 - 23% - 20% - 10:12
4 - 15% - 10% - 6:41
Normal Defense
1 - 40% - 40% - 17:58
2 - 30% - 30% - 13:29
3 - 21% - 20% - 9:32
4 - 9% - 10% - 3:50
PP Forward
1 - 57% - 60% - 7:00
2 - 43% - 40% - 5:22
PP Defense
1 - 60% - 60% - 7:27
2 - 40% - 40% - 4:55
PK Forward
1 - 100% - 60% - 1:59
2 - 0% - 40% - 0:00
PK Defense
1 - 55% - 60% - 1:05
2 - 45% - 40% - 0:54
PK3 Forward
1 - 0% - 60%
2 - 0% - 40%
PK3 Defense
1 - 0% - 60%
2 - 0% - 40%
44 Forward
1 - 0% - 60%
2 - 0% - 40%
44 Defense
1 - 0% - 60%
2 - 0% - 40%
Last Minute Offensive - 0:50
Last Minute Defensive - 0:00
Total
Forward - 60:00
Defense - 60:00
|
Play by Play
1st period
0:01 of 1st period - Ryan Carter wins face-off versus Éric Belanger in neutral zone.
0:27 of 1st period - Tim Conboy is hit by Jamie Benn and loses puck.
0:34 of 1st period - Slapshot by Tim Conboy.
0:34 of 1st period - Shot Misses the Net.
0:36 of 1st period - Wrist shot by Tim Conboy.
0:36 of 1st period - Shot Blocked by Jamie Benn.
0:46 of 1st period - Slapshot by Corey Tropp.
0:46 of 1st period - Shot Blocked by Gord Baldwin.
0:52 of 1st period - T.J Galiardi is hit by Jonathan Tremblay and loses puck.
1:27 of 1st period - Carl Gunnarsson is hit by Éric Belanger and loses puck.
1:55 of 1st period - Snap shot by Ben Smith.
1:55 of 1st period - Shot Misses the Net.
2:43 of 1st period - Minor Penalty to Andreas Engqvist for Cross-checking.
2:44 of 1st period - Éric Belanger wins face-off versus Martins Karsums in Influenza zone.
2:48 of 1st period - Snap shot by T.J. Oshie.
2:48 of 1st period - Stopped by Alex Stalock with a rebound.
2:50 of 1st period - Slapshot by Éric Belanger.
2:50 of 1st period - Stopped by Alex Stalock with a rebound.
2:52 of 1st period - Slapshot by Éric Belanger.
2:52 of 1st period - Stopped by Alex Stalock with a rebound.
3:10 of 1st period - Nick Bonino is hit by Ryan Carter and loses puck.
3:53 of 1st period - Brandon Bollig is hit by Robbie Earl and loses puck.
4:43 of 1st period - Penalty to Andreas Engqvist is over, Andreas Engqvist is back on ice.
7:12 of 1st period - Snap shot by Zac Dalpe.
7:12 of 1st period - Deflect By Ben Smith.
7:12 of 1st period - Stopped by Anders Lindback with a rebound.
7:14 of 1st period - Slapshot by Jeff May.
7:14 of 1st period - Stopped by Anders Lindback with a rebound.
7:16 of 1st period - Slapshot by Ben Smith.
7:16 of 1st period - Stopped by Anders Lindback without a rebound.
7:17 of 1st period - Michael Chaput wins face-off versus Zac Dalpe in Wiprows zone.
7:40 of 1st period - Martins Karsums is hit by Arturs Kulda.
7:56 of 1st period - Wrist shot by Evgeny Grachev.
7:56 of 1st period - Stopped by Anders Lindback with a rebound.
7:58 of 1st period - Slapshot by Carl Gunnarsson.
7:58 of 1st period - Shot Blocked by Brandon Bollig.
8:00 of 1st period - Slapshot by Matt Corrente.
8:00 of 1st period - Shot Blocked by Tim Conboy.
8:02 of 1st period - Slapshot by Matt Corrente.
8:02 of 1st period - Shot Misses the Net.
8:38 of 1st period - Kristian Huselius is hit by Ben Smith and loses puck.
8:59 of 1st period - Ryan Carter is hit by Linden Vey and loses puck.
9:06 of 1st period - Arturs Kulda is hit by Martins Karsums.
10:53 of 1st period - Slapshot by Nick Bonino.
10:53 of 1st period - Shot Misses the Net.
10:55 of 1st period - Slapshot by Tim Conboy.
10:55 of 1st period - Goal by Tim Conboy - Influenza : 0 - Wiprows : 1.
10:56 of 1st period - Ryan Carter wins face-off versus Éric Belanger in neutral zone.
11:13 of 1st period - Mathieu Carle is hit by Éric Belanger and loses puck.
11:29 of 1st period - Snap shot by Tim Conboy.
11:29 of 1st period - Shot Blocked by Mathieu Carle.
11:31 of 1st period - Snap shot by Thomas Hickey.
11:31 of 1st period - Deflect By Mathieu Carle.
11:31 of 1st period - Stopped by Alex Stalock with a rebound.
11:33 of 1st period - Snap shot by Nick Bonino.
11:33 of 1st period - Stopped by Alex Stalock without a rebound.
11:34 of 1st period - Zac Dalpe wins face-off versus Éric Belanger in Influenza zone.
11:49 of 1st period - Snap shot by Ben Smith.
11:49 of 1st period - Stopped by Anders Lindback with a rebound.
12:26 of 1st period - Snap shot by Corey Tropp.
12:26 of 1st period - Stopped by Anders Lindback without a rebound.
12:27 of 1st period - Éric Belanger wins face-off versus Evgeny Grachev in Wiprows zone.
12:27 of 1st period - Éric Belanger is hit by Evgeny Grachev.
13:02 of 1st period - Icing by Martins Karsums.
13:03 of 1st period - T.J. Oshie wins face-off versus Ryan Carter in Influenza zone.
13:16 of 1st period - Slapshot by Ryan Carter.
13:16 of 1st period - Stopped by Anders Lindback without a rebound.
13:17 of 1st period - Ryan Carter wins face-off versus Éric Belanger in Wiprows zone.
13:51 of 1st period - Carl Gunnarsson is hit by Éric Belanger and loses puck.
14:30 of 1st period - Snap shot by Nick Bonino.
14:30 of 1st period - Stopped by Alex Stalock without a rebound.
14:31 of 1st period - Nick Bonino wins face-off versus Ryan Carter in Influenza zone.
14:36 of 1st period - Snap shot by Nick Bonino.
14:36 of 1st period - Stopped by Alex Stalock with a rebound.
15:02 of 1st period - Wrist shot by Martins Karsums.
15:02 of 1st period - Shot Misses the Net.
15:04 of 1st period - Snap shot by Ryan Carter.
15:04 of 1st period - Shot Blocked by Jonathan Tremblay.
15:06 of 1st period - Slapshot by Martins Karsums.
15:06 of 1st period - Shot Misses the Net.
15:08 of 1st period - Backhand shot by John Klingberg.
15:08 of 1st period - Shot Misses the Net.
15:10 of 1st period - Snap shot by Robbie Earl.
15:10 of 1st period - Shot Misses the Net.
15:12 of 1st period - Wrist shot by Martins Karsums.
15:12 of 1st period - Stopped by Anders Lindback with a rebound.
15:28 of 1st period - Wrist shot by Martins Karsums.
15:28 of 1st period - Stopped by Anders Lindback without a rebound.
15:29 of 1st period - Zac Dalpe wins face-off versus Nick Bonino in Wiprows zone.
15:32 of 1st period - Snap shot by Zac Dalpe.
15:32 of 1st period - Stopped by Anders Lindback without a rebound.
15:33 of 1st period - Nick Bonino wins face-off versus Jamie Benn in Wiprows zone.
16:00 of 1st period - Wrist shot by T.J. Oshie.
16:00 of 1st period - Stopped by Alex Stalock with a rebound.
16:08 of 1st period - Wrist shot by Kristian Huselius.
16:08 of 1st period - Stopped by Alex Stalock with a rebound.
16:23 of 1st period - Off-side.
16:24 of 1st period - Nick Bonino wins face-off versus Ryan Carter in neutral zone.
16:29 of 1st period - Slapshot by Nick Bonino.
16:29 of 1st period - Stopped by Alex Stalock without a rebound.
16:30 of 1st period - Nick Bonino wins face-off versus Ryan Carter in Influenza zone.
16:41 of 1st period - Snap shot by Nick Bonino.
16:41 of 1st period - Stopped by Alex Stalock without a rebound.
16:42 of 1st period - Ryan Carter wins face-off versus Éric Belanger in Influenza zone.
17:09 of 1st period - Snap shot by Nick Bonino.
17:09 of 1st period - Stopped by Alex Stalock with a rebound.
17:11 of 1st period - Slapshot by Gord Baldwin.
17:11 of 1st period - Deflect By Mathieu Carle.
17:11 of 1st period - Stopped by Alex Stalock with a rebound.
17:31 of 1st period - Wrist shot by Evgeny Grachev.
17:31 of 1st period - Stopped by Anders Lindback with a rebound.
17:33 of 1st period - Snap shot by Evgeny Grachev.
17:33 of 1st period - Shot Misses the Net.
17:35 of 1st period - Slapshot by Matt Corrente.
17:35 of 1st period - Stopped by Anders Lindback with a rebound.
17:37 of 1st period - Snap shot by Carl Gunnarsson.
17:37 of 1st period - Stopped by Anders Lindback with a rebound.
17:39 of 1st period - Wrist shot by Corey Tropp.
17:39 of 1st period - Stopped by Anders Lindback with a rebound.
17:41 of 1st period - Snap shot by T.J Galiardi.
17:41 of 1st period - Stopped by Anders Lindback without a rebound.
17:42 of 1st period - Éric Belanger wins face-off versus Ryan Carter in Wiprows zone.
17:42 of 1st period - Éric Belanger is hit by Robbie Earl.
17:48 of 1st period - Snap shot by Martins Karsums.
17:48 of 1st period - Shot Misses the Net.
18:21 of 1st period - Slapshot by Jonathan Tremblay.
18:21 of 1st period - Shot Misses the Net.
18:39 of 1st period - Wrist shot by Tim Conboy.
18:39 of 1st period - Stopped by Alex Stalock with a rebound.
18:41 of 1st period - Snap shot by Nick Bonino.
18:41 of 1st period - Stopped by Alex Stalock without a rebound.
18:42 of 1st period - Evgeny Grachev wins face-off versus Éric Belanger in Influenza zone.
19:07 of 1st period - Mathieu Carle is hit by Nick Bonino and loses puck.
19:16 of 1st period - Wrist shot by Tim Conboy.
19:16 of 1st period - Shot Misses the Net.
19:37 of 1st period - Slapshot by Mathieu Carle.
19:37 of 1st period - Stopped by Anders Lindback without a rebound.
19:38 of 1st period - Andreas Engqvist wins face-off versus Tim Schaller in Wiprows zone.
19:39 of 1st period - Snap shot by Ryan Russell.
19:39 of 1st period - Shot Misses the Net.
19:41 of 1st period - Backhand shot by Matt Corrente.
19:41 of 1st period - Stopped by Anders Lindback without a rebound.
19:42 of 1st period - Ryan Carter wins face-off versus Éric Belanger in Wiprows zone.
Goals for this period are 0 for Influenza vs 1 for Wiprows.
Shots for this period are 17 for Influenza vs 16 for Wiprows.
2nd period
0:01 of 2nd period - T.J. Oshie wins face-off versus Ryan Carter in neutral zone.
0:04 of 2nd period - Backhand shot by Arturs Kulda.
0:04 of 2nd period - Stopped by Alex Stalock without a rebound.
0:05 of 2nd period - Éric Belanger wins face-off versus Ryan Carter in Influenza zone.
0:06 of 2nd period - Wrist shot by Kristian Huselius.
0:06 of 2nd period - Deflect By Éric Belanger.
0:06 of 2nd period - Shot Misses the Net.
0:06 of 2nd period - Puck is out of play.
0:07 of 2nd period - Éric Belanger wins face-off versus Ryan Carter in Influenza zone.
0:08 of 2nd period - Snap shot by Kristian Huselius.
0:08 of 2nd period - Deflect By Éric Belanger.
0:08 of 2nd period - Shot Blocked by Carl Gunnarsson.
0:08 of 2nd period - Puck is out of play.
0:09 of 2nd period - Éric Belanger wins face-off versus Ryan Carter in Influenza zone.
0:14 of 2nd period - Slapshot by Kristian Huselius.
0:14 of 2nd period - Shot Misses the Net.
0:16 of 2nd period - Slapshot by T.J. Oshie.
0:16 of 2nd period - Shot Misses the Net.
0:18 of 2nd period - Slapshot by Arturs Kulda.
0:18 of 2nd period - Stopped by Alex Stalock with a rebound.
0:20 of 2nd period - Wrist shot by Éric Belanger.
0:20 of 2nd period - Deflect By Kristian Huselius.
0:20 of 2nd period - Shot Blocked by Carl Gunnarsson.
0:20 of 2nd period - Puck is out of play.
0:21 of 2nd period - Éric Belanger wins face-off versus Zac Dalpe in Influenza zone.
0:22 of 2nd period - Wrist shot by Kristian Huselius.
0:22 of 2nd period - Shot Blocked by Zac Dalpe.
0:30 of 2nd period - Snap shot by Zac Dalpe.
0:30 of 2nd period - Deflect By T.J. Oshie.
0:30 of 2nd period - Stopped by Anders Lindback without a rebound.
0:31 of 2nd period - Éric Belanger wins face-off versus Zac Dalpe in Wiprows zone.
0:46 of 2nd period - Wrist shot by Zac Dalpe.
0:46 of 2nd period - Shot Misses the Net.
0:48 of 2nd period - Wrist shot by Jamie Benn.
0:48 of 2nd period - Stopped by Anders Lindback without a rebound.
0:49 of 2nd period - Nick Bonino wins face-off versus Ryan Carter in Wiprows zone.
1:00 of 2nd period - Wrist shot by Nick Bonino.
1:00 of 2nd period - Stopped by Alex Stalock with a rebound.
1:06 of 2nd period - Nick Bonino is hit by Martins Karsums and loses puck.
1:16 of 2nd period - Off-side.
1:17 of 2nd period - Zac Dalpe wins face-off versus Éric Belanger in neutral zone.
1:20 of 2nd period - Snap shot by Jamie Benn.
1:20 of 2nd period - Stopped by Anders Lindback with a rebound.
1:44 of 2nd period - Gord Baldwin is hit by Martins Karsums and loses puck.
2:07 of 2nd period - Wrist shot by Jonathan Tremblay.
2:07 of 2nd period - Shot Misses the Net.
2:09 of 2nd period - Slapshot by Matt Beleskey.
2:09 of 2nd period - Stopped by Alex Stalock without a rebound.
2:10 of 2nd period - Michael Chaput wins face-off versus Zac Dalpe in Influenza zone.
2:42 of 2nd period - Minor Penalty to Ben Smith for Holding.
2:43 of 2nd period - Martins Karsums wins face-off versus Kristian Huselius in Influenza zone.
2:49 of 2nd period - Wrist shot by Robbie Earl.
2:49 of 2nd period - Shot Misses the Net.
3:34 of 2nd period - Icing by Matt Donovan.
3:35 of 2nd period - Nick Bonino wins face-off versus Martins Karsums in Wiprows zone.
4:42 of 2nd period - Penalty to Ben Smith is over, Ben Smith is back on ice.
5:12 of 2nd period - Snap shot by T.J Galiardi.
5:12 of 2nd period - Goal by T.J Galiardi - Influenza : 1 - Wiprows : 1.
5:13 of 2nd period - Ryan Carter wins face-off versus Éric Belanger in neutral zone.
5:44 of 2nd period - Thomas Hickey is hit by John Klingberg and loses puck.
6:09 of 2nd period - Off-side.
6:10 of 2nd period - Éric Belanger wins face-off versus Ryan Carter in neutral zone.
6:29 of 2nd period - Ryan Carter is hit by Éric Belanger and loses puck.
7:27 of 2nd period - Wrist shot by Linden Vey.
7:27 of 2nd period - Shot Blocked by T.J Galiardi.
7:27 of 2nd period - T.J Galiardi from Influenza is injured at 7:27 of 2nd period (Sore Left Knee).
7:28 of 2nd period - Ryan Carter wins face-off versus Kristian Huselius in Influenza zone.
7:43 of 2nd period - Snap shot by T.J. Oshie.
7:43 of 2nd period - Shot Misses the Net.
8:01 of 2nd period - Slapshot by John Klingberg.
8:01 of 2nd period - Goal by John Klingberg - Influenza : 2 - Wiprows : 1.
8:02 of 2nd period - Éric Belanger wins face-off versus Ryan Carter in neutral zone.
8:17 of 2nd period - Slapshot by Martins Karsums.
8:17 of 2nd period - Deflect By Matt Donovan.
8:17 of 2nd period - Shot Misses the Net.
8:17 of 2nd period - Puck is out of play.
8:18 of 2nd period - Nick Bonino wins face-off versus Zac Dalpe in Wiprows zone.
8:18 of 2nd period - Nick Bonino is hit by Ben Smith.
8:26 of 2nd period - Slapshot by Thomas Hickey.
8:26 of 2nd period - Shot Misses the Net.
8:28 of 2nd period - Slapshot by Thomas Hickey.
8:28 of 2nd period - Stopped by Alex Stalock with a rebound.
8:35 of 2nd period - Minor Penalty to Ben Smith for Roughing.
8:36 of 2nd period - Éric Belanger wins face-off versus Martins Karsums in Influenza zone.
8:46 of 2nd period - Slapshot by T.J. Oshie.
8:46 of 2nd period - Stopped by Alex Stalock with a rebound.
8:48 of 2nd period - Slapshot by Thomas Hickey.
8:48 of 2nd period - Shot Misses the Net.
8:50 of 2nd period - Wrist shot by Kristian Huselius.
8:50 of 2nd period - Shot Misses the Net.
8:52 of 2nd period - Snap shot by T.J. Oshie.
8:52 of 2nd period - Shot Blocked by Mathieu Carle.
9:02 of 2nd period - Thomas Hickey is hit by Robbie Earl and loses puck.
10:35 of 2nd period - Penalty to Ben Smith is over, Ben Smith is back on ice.
10:44 of 2nd period - Minor Penalty to Corey Tropp for Hooking.
10:45 of 2nd period - Martins Karsums wins face-off versus T.J. Oshie in Influenza zone.
11:58 of 2nd period - John Klingberg is hit by Éric Belanger and loses puck.
12:44 of 2nd period - Penalty to Corey Tropp is over, Corey Tropp is back on ice.
13:08 of 2nd period - Icing by Matt Bartkowski.
13:09 of 2nd period - Andreas Engqvist wins face-off versus Michael Chaput in Wiprows zone.
13:10 of 2nd period - Snap shot by Ryan Russell.
13:10 of 2nd period - Shot Misses the Net.
13:14 of 2nd period - Slapshot by Zac Dalpe.
13:14 of 2nd period - Deflect By Ben Smith.
13:14 of 2nd period - Stopped by Anders Lindback with a rebound.
13:16 of 2nd period - Slapshot by Oskars Bartulis.
13:16 of 2nd period - Shot Blocked by Matt Bartkowski.
13:18 of 2nd period - Slapshot by Brian Salcido.
13:18 of 2nd period - Stopped by Anders Lindback with a rebound.
13:20 of 2nd period - Slapshot by Jamie Benn.
13:20 of 2nd period - Goal by Jamie Benn - Influenza : 3 - Wiprows : 1.
13:21 of 2nd period - Éric Belanger wins face-off versus Ryan Carter in neutral zone.
13:24 of 2nd period - Slapshot by Thomas Hickey.
13:24 of 2nd period - Shot Misses the Net.
13:36 of 2nd period - Mathieu Carle is hit by Éric Belanger and loses puck.
14:12 of 2nd period - Slapshot by Matt Corrente.
14:12 of 2nd period - Stopped by Anders Lindback with a rebound.
14:14 of 2nd period - Wrist shot by Andreas Engqvist.
14:14 of 2nd period - Influenza goal is going for a video replay.
14:14 of 2nd period - The goal is refused. The attacking player has interfered with a goalkeeper in his goal crease..
14:15 of 2nd period - Andreas Engqvist wins face-off versus Éric Belanger in Wiprows zone.
14:18 of 2nd period - Snap shot by Ryan Russell.
14:18 of 2nd period - Shot Blocked by Gord Baldwin.
14:20 of 2nd period - Slapshot by Carl Gunnarsson.
14:20 of 2nd period - Stopped by Anders Lindback with a rebound.
14:22 of 2nd period - Slapshot by Ryan Russell.
14:22 of 2nd period - Shot Misses the Net.
15:04 of 2nd period - Drayson Bowman is hit by Evgeny Grachev and loses puck.
15:11 of 2nd period - Ryan Russell is hit by Jonathan Tremblay and loses puck.
15:54 of 2nd period - Slapshot by Kristian Huselius.
15:54 of 2nd period - Stopped by Alex Stalock without a rebound.
15:55 of 2nd period - T.J. Oshie wins face-off versus Ryan Carter in Influenza zone.
16:30 of 2nd period - Off-side.
16:31 of 2nd period - Éric Belanger wins face-off versus Zac Dalpe in neutral zone.
16:46 of 2nd period - Wrist shot by Éric Belanger.
16:46 of 2nd period - Stopped by Alex Stalock without a rebound.
16:47 of 2nd period - Brandon Bollig wins face-off versus Ryan Carter in Influenza zone.
16:55 of 2nd period - Off-side.
16:56 of 2nd period - Nick Bonino wins face-off versus Ryan Carter in neutral zone.
17:07 of 2nd period - Slapshot by Nick Bonino.
17:07 of 2nd period - Shot Misses the Net.
17:40 of 2nd period - Slapshot by Mathieu Carle.
17:40 of 2nd period - Stopped by Anders Lindback with a rebound.
17:42 of 2nd period - Wrist shot by Martins Karsums.
17:42 of 2nd period - Stopped by Anders Lindback with a rebound.
17:48 of 2nd period - Snap shot by Martins Karsums.
17:48 of 2nd period - Stopped by Anders Lindback with a rebound.
18:30 of 2nd period - Slapshot by Martins Karsums.
18:30 of 2nd period - Stopped by Anders Lindback without a rebound.
18:31 of 2nd period - Éric Belanger wins face-off versus Zac Dalpe in Wiprows zone.
18:33 of 2nd period - Minor Penalty to Matt Donovan for Tripping.
18:34 of 2nd period - Éric Belanger wins face-off versus Zac Dalpe in Wiprows zone.
19:21 of 2nd period - Thomas Hickey is hit by Jimmy Bonneau and loses puck.
Goals for this period are 3 for Influenza vs 0 for Wiprows.
Shots for this period are 15 for Influenza vs 8 for Wiprows.
3rd period
0:01 of 3rd period - Éric Belanger wins face-off versus Ryan Carter in neutral zone.
0:06 of 3rd period - Slapshot by T.J. Oshie.
0:06 of 3rd period - Stopped by Alex Stalock without a rebound.
0:07 of 3rd period - Ryan Carter wins face-off versus Éric Belanger in Influenza zone.
0:33 of 3rd period - Penalty to Matt Donovan is over, Matt Donovan is back on ice.
1:58 of 3rd period - Wrist shot by Nick Bonino.
1:58 of 3rd period - Shot Misses the Net.
2:20 of 3rd period - Snap shot by Martins Karsums.
2:20 of 3rd period - Shot Misses the Net.
2:34 of 3rd period - Wrist shot by Matt Beleskey.
2:34 of 3rd period - Shot Blocked by Zac Dalpe.
2:36 of 3rd period - Slapshot by Kevin Connauton.
2:36 of 3rd period - Shot Misses the Net.
4:07 of 3rd period - John Klingberg is hit by T.J. Oshie and loses puck.
4:22 of 3rd period - Minor Penalty to Andreas Engqvist for Roughing.
4:23 of 3rd period - Martins Karsums wins face-off versus Éric Belanger in Influenza zone.
4:23 of 3rd period - Martins Karsums is hit by Éric Belanger.
4:39 of 3rd period - Wrist shot by Kristian Huselius.
4:39 of 3rd period - Stopped by Alex Stalock with a rebound.
4:50 of 3rd period - Minor Penalty to Martins Karsums for Hooking.
4:51 of 3rd period - Ryan Russell wins face-off versus Éric Belanger in Influenza zone.
4:58 of 3rd period - Arturs Kulda is hit by Mathieu Carle.
5:26 of 3rd period - Snap shot by Nick Bonino.
5:26 of 3rd period - Stopped by Alex Stalock with a rebound.
5:35 of 3rd period - Off-side.
5:36 of 3rd period - Ryan Russell wins face-off versus Éric Belanger in neutral zone.
6:10 of 3rd period - Wrist shot by T.J. Oshie.
6:10 of 3rd period - Shot Blocked by Matt Corrente.
6:12 of 3rd period - Slapshot by T.J. Oshie.
6:12 of 3rd period - Goal by T.J. Oshie - Influenza : 3 - Wiprows : 2.
6:13 of 3rd period - Ryan Russell wins face-off versus Nick Bonino in neutral zone.
6:28 of 3rd period - Slapshot by John Klingberg.
6:28 of 3rd period - Shot Blocked by Nick Bonino.
6:50 of 3rd period - Penalty to Martins Karsums is over, Martins Karsums is back on ice.
6:51 of 3rd period - Slapshot by Éric Belanger.
6:51 of 3rd period - Shot Misses the Net.
7:18 of 3rd period - Icing by Gord Baldwin.
7:19 of 3rd period - Tim Schaller wins face-off versus Ryan Russell in Wiprows zone.
8:05 of 3rd period - Jeff May is hit by Jonathan Tremblay and loses puck.
8:30 of 3rd period - Snap shot by Matt Beleskey.
8:30 of 3rd period - Shot Misses the Net.
9:01 of 3rd period - Nick Bonino is hit by Robbie Earl and loses puck.
9:06 of 3rd period - Slapshot by Martins Karsums.
9:06 of 3rd period - Deflect By Robbie Earl.
9:06 of 3rd period - Stopped by Anders Lindback with a rebound.
9:20 of 3rd period - Mathieu Carle is hit by Arturs Kulda and loses puck.
9:27 of 3rd period - Snap shot by Jonathan Tremblay.
9:27 of 3rd period - Shot Misses the Net.
10:10 of 3rd period - Jonathan Tremblay is hit by Robbie Earl and loses puck.
11:52 of 3rd period - Wrist shot by Martins Karsums.
11:52 of 3rd period - Shot Misses the Net.
12:20 of 3rd period - Snap shot by Thomas Hickey.
12:20 of 3rd period - Deflect By Linden Vey.
12:20 of 3rd period - Shot Misses the Net.
12:20 of 3rd period - Puck is out of play.
12:21 of 3rd period - Éric Belanger wins face-off versus Ryan Carter in Influenza zone.
12:46 of 3rd period - Mathieu Carle is hit by Brandon Bollig and loses puck.
13:07 of 3rd period - Snap shot by Evgeny Grachev.
13:07 of 3rd period - Shot Misses the Net.
13:13 of 3rd period - Snap shot by Evgeny Grachev.
13:13 of 3rd period - Stopped by Anders Lindback with a rebound.
13:15 of 3rd period - Slapshot by Matt Corrente.
13:15 of 3rd period - Deflect By Jamie Benn.
13:15 of 3rd period - Stopped by Anders Lindback with a rebound.
13:17 of 3rd period - Snap shot by Jamie Benn.
13:17 of 3rd period - Shot Misses the Net.
13:27 of 3rd period - Wrist shot by Kristian Huselius.
13:27 of 3rd period - Shot Blocked by Matt Corrente.
13:29 of 3rd period - Slapshot by Éric Belanger.
13:29 of 3rd period - Shot Misses the Net.
13:51 of 3rd period - Drayson Bowman is hit by Zac Dalpe and loses puck.
14:02 of 3rd period - Ryan Russell is hit by Matt Bartkowski and loses puck.
15:09 of 3rd period - Drayson Bowman is hit by Zac Dalpe.
15:35 of 3rd period - Slapshot by Nick Bonino.
15:35 of 3rd period - Deflect By Brandon Bollig.
15:35 of 3rd period - Stopped by Alex Stalock without a rebound.
15:36 of 3rd period - Zac Dalpe wins face-off versus Éric Belanger in Influenza zone.
15:36 of 3rd period - Zac Dalpe is hit by Kristian Huselius.
15:42 of 3rd period - Slapshot by Carl Gunnarsson.
15:42 of 3rd period - Shot Misses the Net.
15:56 of 3rd period - T.J. Oshie is hit by Matt Corrente and loses puck.
16:11 of 3rd period - Snap shot by Kristian Huselius.
16:11 of 3rd period - Stopped by Alex Stalock without a rebound.
16:12 of 3rd period - Corey Tropp wins face-off versus Tim Schaller in Influenza zone.
17:09 of 3rd period - Minor Penalty to Matt Corrente for Tripping.
17:10 of 3rd period - Éric Belanger wins face-off versus Martins Karsums in Influenza zone.
19:09 of 3rd period - Penalty to Matt Corrente is over, Matt Corrente is back on ice.
19:16 of 3rd period - Matt Donovan is hit by John Klingberg and loses puck.
19:23 of 3rd period - Oskars Bartulis is hit by Jonathan Tremblay.
19:25 of 3rd period - Wiprows, Anders Lindback is pulled from the net.
19:35 of 3rd period - Backhand shot by Drayson Bowman.
19:35 of 3rd period - Stopped by Alex Stalock with a rebound.
19:55 of 3rd period - Wrist shot by Drayson Bowman.
19:55 of 3rd period - Shot Blocked by John Klingberg.
Goals for this period are 0 for Influenza vs 1 for Wiprows.
Shots for this period are 3 for Influenza vs 7 for Wiprows.
Output by the SimonT Hockey Simulator (STHS) for François Prévost -- Original Page W3C XHTML 1.0 Valid